Map: Cactus Valley LE

Players

phWinter (Winter)

  • Race: Zerg Zerg
  • Spawn Location: 11:00

llllllllllll - Winner!

  • Race: Zerg Zerg
  • Spawn Location: 5:00

Event: LycanGTV LotV Beta Tournament 1

VOD

Have the link to the VOD?

Description

Time

  • Played on: April 2, 2015, 1:20 p.m.
  • Length: 10:09

All games in this series

Show
View Real Time Build Order
Export as new Build Order

phWinter Zerg 

Build Orders: Hatch First 

Get SALT Encoding   

  12  0:01  Drone  
  13  0:08  Drone  
  14  0:17  Overlord  
  14  0:27  Extractor  
  14  0:28  Drone x2, Extractor  
  16  0:38  Drone  
  17  0:55  Hatchery  
  16  0:58  Drone  
  16  1:01  Drone  
  18  1:04  Extractor  
  18  1:07  Drone  
  18  1:20  Spawning Pool  
  18  1:23  Drone  
  18  1:28  Drone  
  20  1:40  Drone  
  20  1:50  Overlord  
  20  2:06  Metabolic Boost  
  20  2:07  Queen  
  20  2:08  Queen  
  24  2:10  Zergling x2  
  24  2:14  Drone  
  26  2:16  Drone  
  26  2:22  Overlord  
  27  2:24  Drone  
  28  2:30  Baneling Nest  
  28  2:34  Drone  
  28  2:35  Drone  
  29  2:42  Drone  
  30  2:47  Drone  
  31  2:55  Drone x2  
  33  3:10  Drone x2  
  35  3:16  Zergling x4  
  35  3:17  Zergling x14  
  44  3:21  Overlord  
  44  3:26  Lair  
  44  3:28  Extractor  
  44  3:29  Extractor  
  44  3:32  Baneling x2  
  42  3:35  Drone  
  43  3:43  Drone x3  
  46  3:50  Drone x3  
  48  3:57  Drone x4  
  48  4:02  Overlord  
  51  4:12  Extractor  
  50  4:17  Spine Crawler  
  50  4:22  Drone x4  
  53  4:27  Spire  
  53  4:28  Drone  
  53  4:34  Drone x3  
  56  4:46  Hatchery  
  56  4:51  Overlord  
  54  5:01  Zergling x10  
  54  5:04  Overseer  
  59  5:08  Overlord  
  55  5:25  Drone  
  55  5:40  Mutalisk x6  
  55  5:41  Mutalisk x2  
  70  5:43  Extractor  
  70  5:45  Extractor  
  70  5:48  Zergling x2  
  68  5:54  Mutalisk x2  
  68  5:56  Zergling x2  
  70  5:57  Zergling x10  
  74  6:05  Zergling x4  
  76  6:21  Overlord x2  
  76  6:26  Hatchery  
  76  6:28  Drone x2  
  76  6:33  Overlord x2  
  68  6:51  Mutalisk x6  
  80  6:54  Zergling x4  
  80  6:55  Zergling x2  
  80  6:58  Mutalisk  
  85  7:12  Zergling x4  
  85  7:14  Spore Crawler  
  86  7:17  Mutalisk  
  86  7:21  Mutalisk  
  90  7:27  Zergling x2  
  91  7:33  Baneling  
  91  7:35  Drone  
  92  7:37  Overlord x2  
  92  7:38  Queen  
  94  7:47  Overlord, Drone  
  94  7:48  Drone x3  
  97  7:56  Mutalisk x4  
  105  7:59  Drone  
  105  8:04  Overlord  
  105  8:05  Drone  
  107  8:10  Drone  
  107  8:11  Drone  
  109  8:17  Drone x2  
  109  8:18  Drone x4  
  115  8:20  Evolution Chamber x2  
  113  8:27  Baneling x2  
  113  8:28  Zergling x8  
  116  8:44  Mutalisk  
  116  8:45  Mutalisk x4  
  116  8:50  Zergling x8  
Show
View Real Time Build Order
Export as new Build Order

llllllllllll Zerg - Winner!

Build Orders: Hatch First 

Get SALT Encoding   

  12  0:01  Drone  
  13  0:13  Overlord  
  13  0:18  Drone  
  14  0:32  Drone x2  
  16  0:35  Drone  
  17  0:46  Drone  
  18  0:55  Hatchery  
  17  0:57  Drone  
  18  1:05  Extractor  
  18  1:08  Drone  
  18  1:15  Spawning Pool  
  17  1:22  Drone  
  18  1:31  Drone  
  19  1:39  Overlord  
  19  1:52  Drone  
  20  2:02  Queen  
  20  2:04  Drone  
  20  2:06  Queen  
  20  2:07  Zergling x2  
  20  2:08  Metabolic Boost  
  26  2:19  Drone x2  
  28  2:28  Drone  
  29  2:30  Overlord  
  29  2:34  Drone  
  30  2:38  Queen  
  30  2:43  Drone  
  33  2:45  Drone  
  34  2:51  Lair  
  34  2:53  Drone  
  34  2:55  Drone  
  36  3:01  Overlord  
  36  3:07  Baneling Nest, Spine Crawler  
  36  3:09  Drone  
  36  3:11  Drone x2  
  36  3:12  Drone  
  37  3:15  Zergling x2  
  37  3:19  Drone  
  40  3:20  Drone  
  40  3:22  Drone  
  40  3:24  Drone  
  42  3:27  Extractor  
  42  3:28  Drone  
  42  3:30  Zergling x2  
  43  3:40  Zergling x6  
  46  3:45  Zergling x2  
  47  3:50  Baneling, Extractor  
  47  3:51  Baneling  
  46  3:58  Drone x6  
  46  4:01  Extractor  
  50  4:18  Overlord  
  50  4:19  Overlord, Drone x2  
  50  4:23  Spire  
  50  4:24  Drone  
  52  4:25  Overlord  
  52  4:30  Overseer  
  52  4:39  Drone x2  
  52  4:41  Drone x3  
  52  4:42  Drone  
  58  4:54  Drone x3  
  58  4:57  Zergling x10  
  66  5:01  Hatchery  
  66  5:02  Baneling x2  
  65  5:11  Zergling x4  
  66  5:24  Drone x2, Overlord x3  
  68  5:33  Hatchery, Overlord  
  68  5:34  Overlord  
  66  5:37  Mutalisk x2  
  66  5:38  Zerg Flyer Armor Level 1  
  70  5:50  Mutalisk x2  
  70  5:56  Mutalisk  
  74  5:57  Mutalisk x2  
  74  5:58  Zergling x2  
  74  5:59  Zergling x8  
  85  6:06  Mutalisk  
  86  6:22  Mutalisk x2  
  86  6:25  Zergling x6  
  92  6:30  Extractor  
  90  6:33  Drone  
  90  6:34  Extractor  
  90  6:40  Drone  
  90  6:46  Mutalisk  
  86  6:47  Mutalisk x2  
  90  6:56  Mutalisk  
  90  6:57  Drone  
  90  6:58  Drone x2  
  95  7:10  Mutalisk x2  
  95  7:13  Spore Crawler  
  95  7:15  Zergling x12  
  103  7:22  Overlord x2  
  103  7:32  Drone  
  103  7:33  Drone x6, Queen, Zerg Flyer Weapons Level 1  
  112  7:40  Overlord x2  
  112  7:41  Hatchery  
  106  7:55  Mutalisk x4  
  106  7:56  Mutalisk  
  113  8:04  Mutalisk x2  
  117  8:06  Zergling x14  
  124  8:15  Mutalisk  
  124  8:16  Mutalisk  
  124  8:18  Zergling x10  
  133  8:24  Spine Crawler  
  133  8:25  Mutalisk  
  133  8:26  Overlord  
  134  8:39  Mutalisk  
  134  8:40  Mutalisk x2  
  140  8:46  Mutalisk  
  118  9:00  Mutalisk x2  
  118  9:02  Zergling x20  
  118  9:07  Drone  
  118  9:08  Drone x2  
  118  9:12  Drone  
  118  9:20  Extractor  
  118  9:24  Extractor  
  118  9:28  Mutalisk  
  118  9:29  Mutalisk x4  
  118  9:37  Mutalisk  
  118  9:39  Zergling x14  
  118  9:40  Zergling x14  

Tags
 
Add a new tag
Caveats
  • Supply blocks, unpowered buildings, or Contaminate may cause inaccurate times.
  • Supply counts are checked every 10 seconds.